 Dungeon Crawl Stone Soup version 0.29-a0-119-g4040846114 (webtiles) character file.

Game seed: 7474164273363221393

234 frimble the Chiller (level 6, -6/66 HPs)
             Began as a Gnoll Ice Elementalist on Feb 20, 2022.
             Mangled by an ogre (7 damage)
             ... on level 4 of the Dungeon.
             The game lasted 00:03:30 (3495 turns).

frimble the Chiller (Gnoll Ice Elementalist)        Turns: 3495, Time: 00:03:31

Health: -6/66      AC: 23    Str:  9    XL:     6   Next: 5%
Magic:  0/13       EV:  2    Int: 15    God:
Gold:   84         SH:  0    Dex: 12    Spells: 8/15 levels left

rFire   + . .      SeeInvis .   c - +2 dagger (elec)
rCold   . . .      Faith    .   (no shield)
rNeg    . . .      Spirit   +   (armour currently unavailable)
rPois   +          Reflect  .   (helmet currently unavailable)
rElec   .          Harm     .   (cloak currently unavailable)
rCorr   .          Rampage  .   (gloves currently unavailable)
Will    .....      NoTele   +   (boots currently unavailable)
Stlth   +++.......              d - amulet of guardian spirit
HPRegen 0.21/turn               i - ring of protection from fire
MPRegen 0.13/turn               (no ring)

@: tree-form, attractive, very slightly contaminated, invisible
A: stationary, stasis, torment immunity, boosted hp, (fangs 1), strong nose,
distributed training
a: no special abilities


You were on level 4 of the Dungeon.
You were a tree.
You visited 1 branch of the dungeon, and saw 4 of its levels.

You collected 84 gold pieces.

Inventory:

Hand Weapons
 c - a +2 dagger of electrocution (weapon)
 e - a +5 dagger
Armour
 a - a +0 robe (melded)
Jewellery
 d - an amulet of guardian spirit (around neck)
 i - a ring of protection from fire (left branch)
Potions
 b - 3 potions of flight
 k - a potion of lignification


   Skills:
 + Level 1.7 Fighting
 + Level 1.7 Short Blades
 + Level 1.7 Long Blades
 + Level 1.7 Axes
 + Level 1.7 Maces & Flails
 + Level 1.7 Polearms
 + Level 1.7 Staves
 + Level 1.7 Slings
 + Level 1.7 Bows
 + Level 1.7 Crossbows
 + Level 1.7 Throwing
 + Level 1.7 Armour
 + Level 4.9 Dodging
 + Level 4.5 Stealth
 + Level 1.7 Shields
 + Level 1.7 Unarmed Combat
 + Level 5.3 Spellcasting
 + Level 1.3 Conjurations
 + Level 1.3 Hexes
 + Level 1.3 Summonings
 + Level 1.3 Necromancy
 + Level 1.3 Translocations
 + Level 1.3 Transmutations
 + Level 1.3 Fire Magic
 + Level 7.2 Ice Magic
 + Level 1.3 Air Magic
 + Level 1.3 Earth Magic
 + Level 1.3 Poison Magic
 + Level 2.0 Invocations
 + Level 1.7 Evocations


You had 8 spell levels left.
You knew the following spells:

 Your Spells              Type           Power      Damage    Failure   Level
a - Freeze                Ice            100%       1d11      1%          1
b - Frozen Ramparts       Ice            50%        1d7       2%          3
c - Ozocubu's Armour      Ice            25%        N/A       2%          3

Your spell library contained the following spells:

 Spells                   Type           Power      Damage    Failure   Level
 Hailstorm                Conj/Ice       16%        3d6       26%         4


Dungeon Overview and Level Annotations

Branches:
Dungeon (4/15)
 Temple: D:4-7

Altars:

Annotations:
D:3 1 transporter
D:4 Robin


Innate Abilities, Weirdness & Mutations

You are a tree.
Your roots penetrate the ground, keeping you stationary.
You cannot be teleported.
You are immune to unholy pain and torment.
Your maximum health is greatly increased.
Your equipment is partially melded.
((You have very sharp teeth.))
Your uncanny sense of smell can sniff out nearby items.
Your experience applies equally to all skills.


Message History

You catch the helpless goblin completely off-guard!
You puncture the goblin!
You kill the goblin!
The goblin hits you but does no damage. x2
The hobgoblin is attracted toward you.
You catch the helpless hobgoblin completely off-guard!
You puncture the hobgoblin!
You kill the hobgoblin!
The goblin hits you but does no damage. The goblin hits you with a +0 club.
* * * LOW HITPOINT WARNING * * *
The goblin hits you but does no damage.
You hit the ogre but do no damage. The goblin hits you but does no damage.
The goblin hits you with a +0 club.
* * * LOW HITPOINT WARNING * * *
The goblin hits you but does no damage. The ogre hits you but does no damage.
The goblin hits you but does no damage.
You closely miss the ogre.
The goblin hits you but does no damage. x2
The ogre completely misses you. The hobgoblin is attracted toward you.
You hit the ogre.
The ogre is lightly wounded.
The goblin hits you but does no damage.
Robin says, "Bow before me, strongest of all the hobgoblins!"
The goblin hits you but does no damage. x3; Robin is attracted toward you.
You barely miss the ogre.
The ogre is lightly wounded.
The ogre hits you but does no damage. The goblin hits you but does no damage.
The goblin barely misses you. The goblin hits you but does no damage.
You hit the ogre.
The ogre is lightly wounded.
The goblin hits you but does no damage. x2
The ogre hits you with a +0 giant spiked club!
* * * LOW HITPOINT WARNING * * *
The goblin hits you but does no damage. x2
You barely miss the ogre.
The ogre is lightly wounded.
The goblin hits you but does no damage. x3
You hit the ogre.
The ogre is moderately wounded.
The ogre hits you with a +0 giant spiked club!
You die...

#.......#.....#
+.......+.....#
#######'####'###########
........................
......................?.
........................
...............g........
..............gggg......
..............gO♣g......
...)###......#####+###+#
#.#)).#......'......
#.#.).#....gg#......
#.#...#....gO#......
#.#...#......# .....
#.#...#.....g# .....
.....##....g.# ..##
#....#.......# ###


You could see an ogre, Robin, a hobgoblin (strong) and 5 goblins.

Vanquished Creatures
  A centaur skeleton (D:4)
  Natasha (thrice) (D:2)
  3 gnolls (D:2)
  3 adders
  A dart slug (D:1)
  5 orcs (D:4)
  6 ball pythons
  4 bats
  6 endoplasms
  3 giant cockroaches
  7 goblins
  4 hobgoblins
  5 jackals (D:2)
  3 kobolds
  2 quokkas
  3 frilled lizards (D:2)
  7 rats
66 creatures vanquished.

Notes
Turn   | Place    | Note
-------+----------+-------------------------------------------
     0 | D:1      | frimble the Gnoll Ice Elementalist began the quest for the
                  | Orb.
     0 | D:1      | Reached XP level 1. HP: 13/13 MP: 6/6
   464 | D:1      | Reached XP level 2. HP: 13/19 MP: 5/7
  1276 | D:1      | You fall into a shaft and drop 1 floor!
  1429 | D:1      | Reached XP level 3. HP: 18/25 MP: 7/9
  1437 | D:1      | Reached skill level 5 in Spellcasting
  1464 | D:1      | Learned a level 3 spell: Frozen Ramparts
  1468 | D:1      | Learned a level 3 spell: Ozocubu's Armour
  1928 | D:2      | Reached skill level 1 in Invocations
  1998 | D:2      | Noticed Natasha
  2011 | D:2      | Killed Natasha
  2012 | D:2      | Reached skill level 1 in Fighting
  2012 | D:2      | Reached skill level 1 in Short Blades
  2012 | D:2      | Reached skill level 1 in Long Blades
  2012 | D:2      | Reached skill level 1 in Axes
  2012 | D:2      | Reached skill level 1 in Maces & Flails
  2012 | D:2      | Reached skill level 1 in Polearms
  2012 | D:2      | Reached skill level 1 in Staves
  2012 | D:2      | Reached skill level 1 in Slings
  2012 | D:2      | Reached skill level 1 in Bows
  2012 | D:2      | Reached skill level 1 in Crossbows
  2012 | D:2      | Reached skill level 1 in Throwing
  2012 | D:2      | Reached skill level 1 in Armour
  2012 | D:2      | Reached skill level 1 in Shields
  2012 | D:2      | Reached skill level 1 in Unarmed Combat
  2012 | D:2      | Reached skill level 1 in Evocations
  2012 | D:2      | Reached XP level 4. HP: 29/32 MP: 0/11
  2319 | D:2      | Reached skill level 1 in Conjurations
  2319 | D:2      | Reached skill level 1 in Hexes
  2319 | D:2      | Reached skill level 1 in Summonings
  2319 | D:2      | Reached skill level 1 in Necromancy
  2319 | D:2      | Reached skill level 1 in Translocations
  2319 | D:2      | Reached skill level 1 in Transmutations
  2319 | D:2      | Reached skill level 1 in Fire Magic
  2319 | D:2      | Reached skill level 1 in Air Magic
  2319 | D:2      | Reached skill level 1 in Earth Magic
  2319 | D:2      | Reached skill level 1 in Poison Magic
  2327 | D:2      | Reached XP level 5. HP: 28/37 MP: 1/12
  2615 | D:2      | Noticed Natasha
  2618 | D:2      | Found a faded altar of an unknown god.
  2632 | D:2      | Killed Natasha
  2775 | D:2      | Noticed Natasha
  2784 | D:2      | Killed Natasha
  3002 | D:3      | Found a transporter.
  3007 | D:3      | Noticed a phantom
  3456 | D:4      | Noticed Robin
  3456 | D:4      | Noticed an ogre
  3484 | D:4      | Reached XP level 6. HP: 17/44 MP: 2/13
  3493 | D:4      | HP: 1/66 [ogre (10)]
  3495 | D:4      | Mangled by an ogre

Illustrated notes

Levels and vault maps discovered:
D:1:      giann_wishing_wells, layout_basic, skrybe_limestone_x
D:2:      layout_loops_ring, shapermc_ecumenical_altar_pompeii,
          chequers_serial_rivers_small_a, uniq_natasha
D:3:      layout_basic, serial_shops, shop_fountains, gammafunk_ghost_mausoleum,
          minivault_4, minmay_crystal_room, uniq_crazy_yiuf_cottage
D:4:      layout_gridville, minmay_misc_feat_rows, uniq_eustachio, uniq_robin

Skill      XL: |  1  2  3  4  5 |
---------------+----------------+-----
Spellcasting   | 5 |  5.3
Invocations    | 1 2 |  2.0
Fighting       | 1 |  1.7
Short Blades   | 1 |  1.7
Long Blades    | 1 |  1.7
Axes           | 1 |  1.7
Maces & Flails | 1 |  1.7
Polearms       | 1 |  1.7
Staves         | 1 |  1.7
Slings         | 1 |  1.7
Bows           | 1 |  1.7
Crossbows      | 1 |  1.7
Throwing       | 1 |  1.7
Armour         | 1 |  1.7
Shields        | 1 |  1.7
Unarmed Combat | 1 |  1.7
Evocations     | 1 |  1.7
Conjurations   | 1 |  1.3
Hexes          | 1 |  1.3
Summonings     | 1 |  1.3
Necromancy     | 1 |  1.3
Translocations | 1 |  1.3
Transmutations | 1 |  1.3
Fire Magic     | 1 |  1.3
Air Magic      | 1 |  1.3
Earth Magic    | 1 |  1.3
Poison Magic   | 1 |  1.3
Dodging        | |  4.9
Stealth        | |  4.5
Ice Magic      | |  7.2

Action                   |  1- 3 |  4- 6 || total
-------------------------+-------+-------++-------
Melee: Unarmed           |    45 |       ||    45
       Dagger            |    36 |   109 ||   145
       Bite              |     2 |    11 ||    13
       Punch             |     1 |       ||     1
 Cast: Freeze            |    18 |     1 ||    19
       Frozen Ramparts   |     1 |     2 ||     3
       Ozocubu's Armour  |     1 |     1 ||     2
  Use: Scroll            |       |     4 ||     4
       Potion            |       |     3 ||     3
 Stab: Sleeping          |     7 |     6 ||    13
       Invisible         |       |     3 ||     3
Armor: Robe              |    17 |    14 ||    31
       Skin              |       |    39 ||    39
Dodge: Dodged            |    79 |    71 ||   150

Table legend: (Time is in decaauts)
 A = Elapsed time spent in this place.
 B = Non-inter-level travel time spent in this place.
 C = Inter-level travel time spent in this place.
 D = Time resting spent in this place.
 E = Time spent auto-exploring this place.
 F = Levels seen in this place.
 G = Mean time per level.
                   A        B        C        D        E       F      G
               +--------+--------+--------+--------+--------+-----+--------+
         Total |   3485 |   3460 |     25 |      0 |   2936 |   4 |  871.2 |
       Dungeon |   3485 |   3460 |     25 |      0 |   2936 |   4 |  871.2 |
               +--------+--------+--------+--------+--------+-----+--------+

Top non-repeatable levels by time:
     D:1: 1871 daAuts
     D:2: 1062 daAuts
     D:4: 452 daAuts
     D:3: 99 daAuts
